 Dungeon Crawl Stone Soup version 0.30.0-5-g1a98f26d00 (webtiles) character file.

Game seed: 11504721431704226359

68 Foic the Vexing (level 4, -4/24 HPs)
             Began as a Deep Elf Hexslinger on May 10, 2023.
             Slain by a gnoll
             ... wielding a +0 flail
              (8 damage)
             ... on level 1 of the Dungeon.
             The game lasted 00:13:50 (2336 turns).

Foic the Vexing (Deep Elf Hexslinger)               Turns: 2336, Time: 00:13:51

Health: -4/24      AC:  2    Str:  7    XL:     4   Next: 1%
Magic:  6/10       EV: 13    Int: 18    God:
Gold:   93         SH:  0    Dex: 17    Spells: 5/9 levels left

rFire   . . .        a - +1 sling
rCold   . . .        (no shield)
rNeg    . . .        c - +0 robe
rPois   .            (no helmet)
rElec   .            (no cloak)
rCorr   .            (no gloves)
SInv    .            (no boots)
Will    .....        (no amulet)
Stlth   ++           (no ring)
HPRegen 0.24/turn    (no ring)
MPRegen 0.12/turn

%: no passive effects
@: no status effects
A: no striking features
a: no special abilities


You were on level 1 of the Dungeon.
You visited 1 branch of the dungeon, and saw 2 of its levels.

You collected 93 gold pieces.

Inventory:

Hand Weapons
 a - a +1 sling (weapon)
Armour
 c - a +0 robe (worn)
Scrolls
 b - a scroll of poison
 d - a scroll of noise {unknown}
 e - a scroll of teleportation {unknown}
 f - 2 scrolls of vulnerability {unknown}
 h - a scroll of enchant weapon {unknown}
 i - a scroll of immolation {unknown}
 j - a scroll of identify {unknown}
 m - a scroll of fog {unknown}
 n - a scroll of blinking {unknown}
Potions
 g - a potion of curing {unknown}
 k - a potion of magic {unknown}
 l - a potion of attraction {unknown}


   Skills:
 - Level 0.7 Fighting
 * Level 3.6 Ranged Weapons
 + Level 2.8 Dodging
 + Level 1.1 Stealth
 * Level 3.0 Spellcasting
 * Level 4.8 Hexes
 + Level 0.0 Translocations


You had 5 spell levels left.
You knew the following spells:

 Your Spells              Type           Power      Damage    Failure   Level
a - Portal Projectile     Hex/Tloc       22%        N/A       19%         3
s - Slow                  Hex            80%        N/A       2%          1

Your spell library contained the following spells:

 Spells                   Type           Power      Damage    Failure   Level
 Inner Flame              Hex/Fire       11%        N/A       19%         3
 Cause Fear               Hex            10%        N/A       22%         4


Dungeon Overview and Level Annotations

Branches:
Dungeon (2/15)

Altars:


Message History

Casting: Slow (safe; 2% risk of failure)
Confirm with . or Enter, or press ? or * to list all spells.
Aiming: Slow (safe; 2% risk of failure)
Press: ? - help, Shift-Dir - straight line, f/p - gnoll
Aim: a gnoll, wielding a +0 flail (moderately wounded, chance to affect: 62%)
The gnoll resists with significant effort.
There is an open door here.
Casting: Slow (safe; 2% risk of failure)
Confirm with . or Enter, or press ? or * to list all spells.
Aiming: Slow (safe; 2% risk of failure)
Press: ? - help, Shift-Dir - straight line, f/p - gnoll
Aim: a gnoll, wielding a +0 flail (moderately wounded, chance to affect: 62%)
The gnoll resists with significant effort.
The gnoll hits you with a +0 flail!
Ouch! That really hurt!
Casting: Slow (safe; 2% risk of failure)
Confirm with . or Enter, or press ? or * to list all spells.
Aiming: Slow (safe; 2% risk of failure)
Press: ? - help, Shift-Dir - straight line, f/p - gnoll
Aim: a gnoll, wielding a +0 flail (moderately wounded, chance to affect: 62%)
The gnoll resists with significant effort.
The gnoll barely misses you. The gnoll attacks as you move away!
The gnoll misses you. The gnoll attacks as you move away!
The gnoll hits you with a +0 flail!
* * * LOW HITPOINT WARNING * * *
The gnoll attacks as you move away! The gnoll barely misses you.
Okay, then.
Casting: Slow (safe; 2% risk of failure)
Confirm with . or Enter, or press ? or * to list all spells.
Okay, then.
Unknown command.
Casting: Slow (safe; 2% risk of failure)
Confirm with . or Enter, or press ? or * to list all spells.
Aiming: Slow (safe; 2% risk of failure)
Press: ? - help, Shift-Dir - straight line, f/p - gnoll
Aim: a gnoll, wielding a +0 flail (moderately wounded, chance to affect: 62%)
The gnoll resists with significant effort.
The gnoll closely misses you. The gnoll attacks as you move away!
The gnoll hits you with a +0 flail!
You die...

#.##.#####.#.# ##'####
#.##.# #)#.# #....#
#.##.#####.#.# ##....##
#.##.#.....#'#######.....+.
#.##.#...................##
#.##.######.(............'.
#.##......'..............#.
#.#########..............#.
#.........@#########.....#.
#.####....g# #.....#. ###
#.....# #.....#.
#.....#########.....##
#.....'.............##
#.....######.###....##
###.### #..########
#.#########.########
#.##...............#


You could see a gnoll.

Vanquished Creatures
  An adder (D:2)
  A worm (D:2)
  3 dart slugs
  4 endoplasms
  A giant cockroach (D:2)
  5 goblins
  4 hobgoblins
  6 jackals (D:1)
  A quokka (D:1)
  4 ball pythons (D:2)
  3 bats (D:1)
  3 frilled lizards (D:1)
  4 kobolds
  6 rats
46 creatures vanquished.

Notes
Turn   | Place    | Note
-------+----------+-------------------------------------------
     0 | D:1      | Foic the Deep Elf Hexslinger began the quest for the Orb.
     0 | D:1      | Reached XP level 1. HP: 11/11 MP: 5/5
   294 | D:1      | Reached XP level 2. HP: 16/16 MP: 5/7
  1160 | D:1      | Reached skill level 1 in Stealth
  1187 | D:1      | Reached XP level 3. HP: 18/20 MP: 5/8
  1995 | D:2      | Learned a level 3 spell: Portal Projectile
  2259 | D:2      | Reached XP level 4. HP: 24/24 MP: 10/10
  2336 | D:1      | Slain by a gnoll

Illustrated notes

Levels and vault maps discovered:
D:1:      matt_arrival_refuge, layout_basic, serial_bayou_lake_a
D:2:      minmay_razor_zed, layout_loops_cross,
          dilly_ecumenical_altar_fadedgnrine

Skill      XL: |  1  2  3 |
---------------+----------+-----
Spellcasting   | 2 3 |  3.0
Ranged Weapons | 3 |  3.6
Stealth        | 1 |  1.1
Fighting       | |  0.7
Dodging        | |  2.8
Hexes          | |  4.8

Action                     |  1- 3 |  4- 6 || total
---------------------------+-------+-------++-------
   Fire: Sling             |   149 |     9 ||   158
   Cast: Slow              |    65 |     9 ||    74
 Armour: Robe              |     9 |       ||     9
  Dodge: Dodged            |    59 |     9 ||    68
